 Dungeon Crawl Stone Soup version bcrawl-1.17.3 (webtiles) character file.

Game seed: 14298408393816135605

95 Ethylacetat the Chopper (level 4, -2/38 HPs)
             Began as a Sand Dwarf Sloth Apostle on Oct 19, 2019.
             Was a Follower of Cheibriados.
             Slain by a worm (4 damage)
             ... on level 3 of the Dungeon.
             The game lasted 00:02:40 (1895 turns).

Ethylacetat the Chopper (Sand Dwarf Sloth Apostle)  Turns: 1895, Time: 00:02:40

Health: -2/38      AC:  2    Str: 20    XL:     4   Next: 66%
Magic:  0/5        EV: 13    Int: 15    God:    Cheibriados [*.....]
Gold:   165        SH:  0    Dex: 14    Spells: 4/5 levels left

rFire    . . .     SeeInvis .   a - +0 hand axe
rCold    . . .     Gourm    .   (shield restricted)
rNeg     . . .     Faith    .   b - +0 robe
rPois    .         Spirit   +   (no helmet)
rElec    .         Reflect  .   (no cloak)
rCorr    .         Harm     .   (no gloves)
MR       .....                  (no boots)
Stlth    ++........             i - amulet of guardian spirit
HPRegen  0.12/turn              (no ring)
MPRegen  0.09/turn              (no ring)

@: very slow
A: small, slowness 1, armour attunement
a: Bend Time, Renounce Religion


You were on level 3 of the Dungeon.
You worshipped Cheibriados.
Cheibriados was aware of your devotion.
You were not hungry.

You visited 1 branch of the dungeon, and saw 3 of its levels.

You collected 165 gold pieces.

Inventory:

Hand Weapons
 a - a +0 hand axe (weapon)
Armour
 b - a +0 robe (worn)
Jewellery
 i - an amulet of guardian spirit (around neck)
Wands
 d - a wand of paralysis (10)
Scrolls
 g - a scroll of remove curse {unknown}
 j - 3 scrolls of identify {unknown}
Potions
 c - a potion of lignification {unknown}
 e - a potion of berserk rage {unknown}
 k - a potion of heal wounds {unknown}
Comestibles
 f - 3 rations {!d}


   Skills:
 + Level 3.4 Fighting
 * Level 4.4 Axes
 - Level 2.4 Stealth
   Level 2.0 Shields
 - Level 1.0 Spellcasting
 - Level 0.7 Hexes
 + Level 1.5 Invocations
 - Level 1.3 Evocations


You had 4 spell levels left.
You knew the following spells:

 Your Spells              Type           Power        Failure   Level  Hunger
a - Slow                  Hex            #.......     19%         1    ##.....
Your spell library was empty.

Dungeon Overview and Level Annotations

Branches:
Dungeon (3/12)

Altars:


Innate Abilities, Weirdness & Mutations

You are small and have problems with some larger weapons.
You cover ground slowly.
Armour does not affect your spellcasting.


Message History

The worm bites you!
* * * LOW HITPOINT WARNING * * *
You hit the worm.
The worm is moderately wounded.
You hit the worm but do no damage.
The worm is moderately wounded.
The worm bites you.
* * * LOW HITPOINT WARNING * * *
You hit the worm but do no damage.
The worm is moderately wounded.
The worm misses you.
You hit the worm.
The worm is moderately wounded.
You slash the worm!
The worm is almost dead.
The worm completely misses you.
You hit the worm.
The worm is almost dead.
The worm bites you.
You die...

# ###. #.. ##.#
###..######
#....†.<..#
#.w@††(...#
.............^#
######.########
... ....?
#..... #.....
#.....


You could see a worm.

Vanquished Creatures
  A hound (D:3)
  An adder (D:3)
  2 worms (D:2)
  2 dart slugs (D:1)
  5 leopard geckos
  4 bats
  A giant cockroach (D:2)
  3 goblins (D:1)
  5 hobgoblins
  3 jackals (D:2)
  A quokka (D:2)
  2 frilled lizards
  7 kobolds
  5 rats
42 creatures vanquished.

Notes
Turn   | Place    | Note
-------+----------+-------------------------------------------
     0 | D:1      | Ethylacetat the Sand Dwarf Sloth Apostle began the quest
                  | for the Orb.
     0 | D:1      | Reached XP level 1. HP: 18/18 MP: 2/2
    32 | D:1      | Reached XP level 2. HP: 16/25 MP: 3/3
    34 | D:1      | Reached skill level 3 in Axes
   721 | D:1      | Reached XP level 3. HP: 29/30 MP: 4/4
   871 | D:2      | Reached * piety under Cheibriados
   871 | D:2      | Reached skill level 1 in Invocations
  1880 | D:3      | Reached skill level 4 in Axes
  1880 | D:3      | Reached XP level 4. HP: 23/38 MP: 2/5
  1895 | D:3      | Slain by a worm

Skill      XL: |  1  2  3 |
---------------+----------+-----
Axes           | 3 4 |  4.4
Invocations    | 1 |  1.5
Fighting       | 3 |  3.4
Stealth        | |  2.4
Shields        | |  2.0
Spellcasting   | |  1.0
Hexes          | |  0.7
Evocations     | |  1.3

Action                   |  1- 3 |  4- 6 || total
-------------------------+-------+-------++-------
Melee: Hand axe          |   144 |    12 ||   156
 Stab: Sleeping          |     8 |       ||     8
  Eat: Chunk             |     2 |       ||     2
Armor: Robe              |    18 |     2 ||    20
Dodge: Dodged            |   109 |     7 ||   116
Block: Shield            |     9 |       ||     9
